 Dungeon Crawl Stone Soup version 0.22-a0-587-g7d32d7c (webtiles) character file.

6754 galech the Fighter (level 11, -2/177 (178) HPs)
             Began as an Ogre Berserker on July 4, 2018.
             Was an Elder of Trog.
             Killed from afar by an electric eel (12 damage)
             ... with a bolt of electricity
             ... on level 8 of the Dungeon.
             The game lasted 00:15:48 (8210 turns).

galech the Fighter (Ogre Berserker)                 Turns: 8210, Time: 00:15:49

HP:   -2/177 (178)  AC:  7    Str: 28    XL:     11   Next: 4%
MP:   11/11         EV: 13    Int:  8    God:    Trog [****..]
Gold: 372           SH:  0    Dex: 11    Spells: 10/10 levels left

rFire    + . .     SeeInvis .   h - +2 whip (venom)
rCold    . . .     Gourm    +   (no shield)
rNeg     . . .     Faith    .   w - +0 troll leather armour {Purgy}
rPois    .         Spirit   .   (helmet restricted)
rElec    .         Reflect  .   d - +0 cloak
rCorr    .         Harm     .   (gloves unavailable)
MR       +++..                  (boots unavailable)
Stlth    ..........             y - amulet of the gourmand
HPRegen  1.79/turn              b - ring of protection from fire
MPRegen  0.12/turn              (no ring)

@: berserking, regenerating, very quick
A: large, unfitting armour, tough skin 1
a: Berserk, Trog's Hand, Brothers in Arms, Renounce Religion


You were on level 8 of the Dungeon.
You worshipped Trog.
Trog was greatly pleased with you.
You were very full.

You visited 1 branch of the dungeon, and saw 8 of its levels.
You also visited: Sewer.

You collected 372 gold pieces.

Inventory:

Hand Weapons
 h - a +2 whip of venom (weapon)
 C - the +3 long sword of Plog {venom, rElec MR- Int+2}
   (You found it on level 7 of the Dungeon)

   It poisons the flesh of those it strikes.
   It affects your intelligence (+2).
   It insulates you from electricity.
   It affects your resistance to hostile enchantments.
 E - a +0 mace of protection
Armour
 d - a +0 cloak (worn)
 o - a scarf of cloud immunity
 w - a +0 troll leather armour (worn) {Purgy}
Jewellery
 b - a ring of protection from fire (left hand)
 y - an amulet of the gourmand (around neck)
Wands
 q - a wand of random effects (26)
 A - a wand of flame (18)
Scrolls
 a - a scroll of amnesia {unknown}
 k - 3 scrolls of fear
 m - 2 scrolls of immolation
 n - 2 scrolls of blinking
 r - a scroll of fog
 s - 3 scrolls of teleportation
 t - a scroll of magic mapping
 u - a scroll of enchant weapon {unknown}
 B - a scroll of noise
 F - a scroll of identify
Potions
 e - 4 potions of curing {unknown}
 f - 2 potions of ambrosia {unknown}
 g - 4 potions of heal wounds {unknown}
 i - a potion of lignification {unknown}
 j - 3 potions of flight {unknown}
 l - 2 potions of agility {unknown}
 p - a potion of mutation
 v - a potion of brilliance
 z - a potion of degeneration {unknown}
 D - a potion of invisibility {unknown}
Comestibles
 c - 27 rations
 x - 9 chunks of flesh


   Skills:
 + Level 10.3 Fighting
 + Level 10.0 Maces & Flails
 + Level 4.7 Armour
 + Level 7.3 Dodging
 + Level 3.3 Stealth


You had 10 spell levels left.
You didn't know any spells.
Your spell library was empty.

Dungeon Overview and Level Annotations

Branches:
Dungeon (8/15)             Temple (0/1) D:4
   Lair: D:8-11

Altars:
Elyvilon
Kikubaaqudgha
Makhleb
Okawaru
Qazlal
Vehumet
Yredelemnul

Annotations:
D:6 1 runed door, Nico3ck's ghost, novice DsGl


Innate Abilities, Weirdness & Mutations

You are too large for most types of armour.
You have tough skin. (AC +1)


Message History

The electric eel shoots out a bolt of lightning at you!
The bolt of electricity hits you!
* * * LOW HITPOINT WARNING * * *
The bolt of electricity hits you!
* * * LOW HITPOINT WARNING * * *
The bolt of electricity hits the electric eel.
The electric eel completely resists.
The electric eel shoots out a bolt of lightning at you!
The bolt of electricity hits the electric eel.
The electric eel completely resists.
The bolt of electricity hits you!
* * * LOW HITPOINT WARNING * * *
The bolt of electricity hits you!
* * * LOW HITPOINT WARNING * * *
You closely miss the electric eel.
The electric eel is severely wounded.
You barely miss the electric eel.
The electric eel is severely wounded.
The electric eel shoots out a bolt of lightning at you!
The bolt of electricity hits you!
You die...

... .≈.≈..≈.. .. ...#
.≈.≈..... .... .##
≈≈≈≈..... ##...
.≈≈≈≈≈≈.###....
.≈.≈;≈≈........ ###
≈≈≈≈≈.≈≈.....# ....#
≈≈≈≈.≈;†.....# .. #.
≈......@.....# #.# ##
.............# #.## #
..(......###.## #..###
#........##...## ##....#
##>##.........÷###......
#. ###...#####.##.#####
# #...# ##..#####. ##..#
#.#...##. #.##
#..###...#


You could see 2 electric eels.

Vanquished Creatures
  2 two-headed ogres (D:8)
  A death yak (D:8)
  A polar bear (D:8)
  A wyvern (D:8)
  3 yaks (D:8)
  Duvessa (D:7)
  Purgy (Sewer)
  2 orc warriors
  3 sky beasts
  An ice beast (D:8)
  2 black bears
  4 ogres
  3 phantoms
  2 necrophages (D:7)
  A centaur (D:7)
  3 bullfrogs
  Blork the orc (D:4)
  Dowan (D:7)
  A scorpion (D:7)
  8 killer bees (D:8)
  5 wights (D:6)
  An electric eel (D:8)
  A howler monkey (D:5)
  2 centaur zombies
  2 bullfrog zombies
  6 orc priests
  3 hounds
  A jelly (D:8)
  A bullfrog skeleton (D:3)
  2 iguanas
  8 orc wizards
  10 worker ants
  2 bullfrog simulacra (D:8)
  Robin (D:2)
  A howler monkey zombie (D:8)
  A worker ant zombie (D:5)
  4 gnolls
  7 adders
  A river rat (D:5)
  An ufetubus (D:8)
  2 oozes
  An adder zombie (D:7)
  2 adder skeletons (D:5)
  A worm (D:2)
  3 dart slugs
  4 leopard geckos
  30 orcs
  2 ball pythons
  4 bats
  5 giant cockroaches
  12 goblins
  9 hobgoblins
  14 jackals
  5 kobolds
  3 quokkas
  13 frilled lizards
  2 leopard gecko skeletons
  A quokka skeleton (D:4)
  A quokka zombie (D:6)
  13 rats
229 creatures vanquished.

Vanquished Creatures (others)
  An orc wizard (D:7)
  3 goblins (D:2)
  3 hobgoblins (D:2)
7 creatures vanquished.

Grand Total: 236 creatures vanquished

Notes
Turn   | Place    | Note
-------+----------+-------------------------------------------
     0 | D:1      | galech the Ogre Berserker began the quest for the Orb.
     0 | D:1      | Reached XP level 1. HP: 24/24 MP: 1/1
   121 | D:1      | Reached XP level 2. HP: 29/32 MP: 2/2
   401 | D:1      | Reached XP level 3. HP: 30/40 MP: 3/3
   447 | D:1      | Reached ** piety under Trog
   725 | D:2      | Noticed Robin
   727 | D:2      | Found a radiant altar of Vehumet.
   927 | D:2      | Killed Robin
   927 | D:2      | Reached XP level 4. HP: 40/49 MP: 4/4
  1017 | D:2      | Found a faded altar of an unknown god.
  1299 | D:2      | Reached *** piety under Trog
  1694 | D:3      | Reached XP level 5. HP: 34/55 MP: 5/5
  1702 | D:3      | Reached skill level 5 in Fighting
  1836 | D:3      | Reached skill level 1 in Stealth
  2776 | D:4      | Noticed Blork the orc
  2785 | D:4      | Killed Blork the orc
  2785 | D:4      | Reached XP level 6. HP: 51/66 MP: 6/6
  3118 | D:4      | Found a staircase to the Ecumenical Temple.
  3449 | D:4      | Reached skill level 5 in Maces & Flails
  3469 | D:4      | Reached XP level 7. HP: 50/74 MP: 7/7
  3826 | D:5      | Entered Level 5 of the Dungeon
  3956 | D:5      | Found a stormy altar of Qazlal.
  3956 | D:5      | Found an ancient bone altar of Kikubaaqudgha.
  3965 | D:5      | Found a radiant altar of Vehumet.
  4037 | D:5      | Found a glowing drain.
  4041 | Sewer    | Entered a sewer
  4148 | Sewer    | Noticed Purgy
  4179 | Sewer    | Killed Purgy
  4391 | D:5      | Reached **** piety under Trog
  4595 | D:5      | Found a white marble altar of Elyvilon.
  4595 | D:5      | Found a burning altar of Makhleb.
  4634 | D:5      | Reached XP level 8. HP: 41/84 MP: 8/8
  4955 | D:5      | Reached skill level 1 in Armour
  5400 | D:6      | Found a basalt altar of Yredelemnul.
  5489 | D:6      | Reached skill level 5 in Dodging
  5836 | D:6      | Found a runed door.
  5840 | D:6      | Noticed Nico3ck's ghost (novice DsGl)
  6025 | D:6      | Reached XP level 9. HP: 77/93 MP: 9/9
  6501 | D:7      | Noticed Dowan
  6503 | D:7      | Noticed Duvessa
  6518 | D:7      | Killed Duvessa
  6521 | D:7      | Killed Dowan
  6934 | D:7      | Got a fine long sword
  6935 | D:7      | Identified the +3 long sword of Plog {venom, rElec MR- Int+2} (You found it on level 7 of the Dungeon)
  7081 | D:8      | Noticed a two-headed ogre
  7096 | D:8      | Killed a two-headed ogre
  7096 | D:8      | Reached XP level 10. HP: 106/106 MP: 10/10
  7253 | D:8      | Noticed a two-headed ogre
  7269 | D:8      | Killed a two-headed ogre
  7901 | D:8      | Found an iron altar of Okawaru.
  7923 | D:8      | Noticed a death yak
  7946 | D:8      | Killed a death yak
  7946 | D:8      | Reached skill level 10 in Fighting
  8118 | D:8      | Reached XP level 11. HP: 68/117 MP: 11/11
  8122 | D:8      | Reached skill level 10 in Maces & Flails
  8208 | D:8      | HP: 8/177 [electric eel/bolt of electricity (9)]
  8210 | D:8      | Killed from afar by an electric eel

Vault maps used:
D:1:      dpeg_arrival_three_same_balls, minmay_tetromino_i2
D:2:      fiery_altar_vehumet, first_ration,
          chequers_ecumenical_altar_simple_redux, minmay_misc_feat_plants,
          minmay_distorted, uniq_robin
D:4:      minmay_temple_entry_statues_pillars, uniq_blork_the_orc
D:5:      nicolae_overflow_hidden_temple, gammafunk_temple_overflow_elements,
          basic_altar, gup_sewer_entry_bowl, st_stairs_6
D:6:      ebering_ghost_sewer_d, yredelemnul_altar_generic
D:7:      grunt_ogre_cave, minmay_misc_feat_more_columns,
          kennysheep_generic_room_10, uniq_duvessa
D:8:      okawaru_metal_pillars_1_2, serial_ice, serial_ice_g, serial_ice_a,
          serial_ice_h, serial_ice_j
Sewer:    sewer_co_purgy_island

Skill      XL: |  1  2  3  4  5  6  7  8  9 10 11 |
---------------+----------------------------------+-----
Maces & Flails | 3 4 5 6 7 8 9 10 | 10.0
Dodging        | 3 4 5 6 7 |  7.3
Fighting       | 5 6 7 9 10 | 10.3
Stealth        | 1 2 3 |  3.3
Armour         | 2 3 4 |  4.7

Action                   |  1- 3 |  4- 6 |  7- 9 | 10-12 || total
-------------------------+-------+-------+-------+-------++-------
Melee: Mace              |    24 |       |       |       ||    24
       Whip              |    61 |   178 |   545 |   207 ||   991
Invok: Berserk           |       |     2 |     5 |     6 ||    13
       Trog's Hand       |       |       |     2 |     5 ||     7
  Use: Scroll            |       |       |     9 |     1 ||    10
 Stab: Sleeping          |       |     1 |     2 |       ||     3
       Distracted        |       |       |     2 |       ||     2
  Eat: Chunk             |       |    10 |    27 |    11 ||    48
Armor: Animal skin       |    37 |    35 |    16 |       ||    88
       Troll leather arm |       |       |   106 |    46 ||   152
Dodge: Dodged            |    63 |    80 |   261 |   126 ||   530

Table legend:
 A = Spawn XP
 B = Non-spawn XP
 C = Spawn XP percentage of total XP
 D = Spawn monster count
 E = Non-spawn monster count
 F = Spawn count percentage of total count
 G = Total turns spent on level
                    A         B        C        D         E        F      G
               +---------+---------+-------+---------+---------+-------+---------
         Total |       0 |    9649 |   0.0 |       0 |     229 |   0.0 |  8210
               +---------+---------+-------+---------+---------+-------+---------
           D:1 |       0 |      66 |   0.0 |       0 |      28 |   0.0 |   893
           D:2 |       0 |      79 |   0.0 |       0 |      34 |   0.0 |   726
           D:3 |       0 |     147 |   0.0 |       0 |      21 |   0.0 |  1157
           D:4 |       0 |     336 |   0.0 |       0 |      10 |   0.0 |  1050
           D:5 |       0 |     757 |   0.0 |       0 |      27 |   0.0 |  1248
           D:6 |       0 |     844 |   0.0 |       0 |      31 |   0.0 |   821
           D:7 |       0 |    1815 |   0.0 |       0 |      28 |   0.0 |   980
           D:8 |       0 |    5459 |   0.0 |       0 |      42 |   0.0 |  1135
         Sewer |       0 |     146 |   0.0 |       0 |       8 |   0.0 |   200
               +---------+---------+-------+---------+---------+-------+---------
